 Dungeon Crawl Stone Soup version 0.19.5 (console) character file.

102 Grinner the Ducker (level 4, -2/23 HPs)
             Began as a Spriggan Monk on Mar 6, 2017.
             Was a Believer of Okawaru.
             Slain by an ogre
             ... wielding a +0 giant club
              (21 damage)
             ... on level 3 of the Dungeon.
             The game lasted 00:05:30 (2704 turns).

Grinner the Ducker (Spriggan Monk)                  Turns: 2704, Time: 00:05:30

Health: -2/23      AC:  2    Str:  8    XL:     4   Next: 50%
Magic:  5/5        EV: 20    Int: 11    God:    Okawaru [**....]
Gold:   86         SH:  0    Dex: 18    Spells: 0 memorised, 3 levels left

rFire  + . .     SeeInvis +     a - +2 falchion
rCold  . . .     Gourm    .     b - +0 robe
rNeg   . . .     Faith    +     (shield restricted)
rPois  .         Spirit   .     (helmet restricted)
rElec  .         Reflect  .     (no cloak)
rCorr  .         Harm     .     (gloves unavailable)
MR     .....                    (boots unavailable)
Stlth  ++........               g - amulet of faith
                                (no ring)
                                i - ring of protection from fire

@: very quick
A: unfitting armour, see invisible, herbivore 3, speed 3, slow metabolism 2
a: Heroism, Renounce Religion


You were on level 3 of the Dungeon.
You worshipped Okawaru.
Okawaru was pleased with you.
You were not hungry.

You visited 1 branch of the dungeon, and saw 3 of its levels.

You collected 86 gold pieces.

Inventory:

Hand Weapons
 a - a +2 falchion (weapon)
Armour
 b - a +0 robe (worn)
Jewellery
 g - an amulet of faith (around neck)
 i - a ring of protection from fire (left hand)
Scrolls
 e - a scroll of amnesia
 j - 5 scrolls of teleportation
 k - a scroll of remove curse
Potions
 d - a potion of agility {unknown}
 h - a potion of magic
 l - 3 potions of flight
 o - a potion of resistance {unknown}
Comestibles
 c - a bread ration
 f - 6 fruits


   Skills:
 - Level 2.4 Fighting
 * Level 4.0 Long Blades
 + Level 4.9 Dodging
 - Level 3.0 Stealth
 - Level 1.0 Invocations


You had 3 spell levels left.
You didn't know any spells.

Dungeon Overview and Level Annotations

Branches:
Dungeon (3/15)

Altars:
Okawaru


Innate Abilities, Weirdness & Mutations

You are very small and have problems with some larger weapons.
You are too small for most types of armour.
You have supernaturally acute eyesight. (SInv)
You are a herbivore.
You cover ground extremely quickly.
You need consume almost no food.


Message History

The ogre completely misses you.
You hit the ogre.
The ogre is heavily wounded.
The ogre completely misses you.
You hit the ogre.
The ogre is heavily wounded.
The ogre hits you with a giant club.
You hit the ogre.
The ogre is severely wounded.
The ogre closely misses you.
You hit the ogre.
The ogre is severely wounded.
The ogre completely misses you.
You hit the ogre.
The ogre is almost dead.
You hit the ogre.
The ogre is almost dead.
The ogre hits you with a giant club!!
Ouch! That really hurt!
You die...

.##.............
#...........
.#####.#.#..####
#..†..###### .#
#.#.#.....
#####...).######
.# #.#.#..####
#%.%#...........
.# ###.#.#..#
#gO.#...........
.# #<....#.###
ggg#...........
.# ###.......#
#)#############
.#
#...#.#.######g)#
.#
#.#.#.(....@Ogg.#
##
#.#...#.#########
#.##..#.#
#.##..#.#
##.##..#.#
#####..##.(#.#
####
..........>#.#
#...
####...###.#.#
#.## .......# #.#
#.#


You could see an ogre and 3 goblins.

Vanquished Creatures
  3 gnolls (D:2)
  An adder (D:3)
  An ooze (D:3)
  2 worms
  A leopard gecko (D:1)
  5 bats
  A giant cockroach (D:1)
  10 goblins
  12 hobgoblins
  3 jackals (D:1)
  5 kobolds
  A quokka (D:2)
  3 frilled lizards
  5 rats
53 creatures vanquished.

Notes
Turn   | Place    | Note
-------+----------+-------------------------------------------
     0 | D:1      | Grinner the Spriggan Monk began the quest for the Orb.
     0 | D:1      | Reached XP level 1. HP: 11/11 MP: 2/2
    81 | D:1      | Reached XP level 2. HP: 11/16 MP: 3/3
   879 | D:2      | Reached XP level 3. HP: 7/19 MP: 4/4
  1146 | D:2      | Found an iron altar of Okawaru.
  1149 | D:2      | Became a worshipper of Warmaster Okawaru
  1149 | D:2      | Reached * piety under Okawaru
  1149 | D:2      | Reached ** piety under Okawaru
  1660 | D:2      | Reached skill level 1 in Invocations
  1660 | D:2      | Reached XP level 4. HP: 12/23 MP: 5/5
  2678 | D:3      | Noticed an ogre
  2704 | D:3      | Slain by an ogre

Skill      XL: |  1  2  3  4 |
---------------+-------------+-----
Long Blades    | 3 4 |  4.0
Invocations    | 1 |  1.0
Fighting       | |  2.4
Dodging        | |  4.9
Stealth        | |  3.0

Action                   |  1- 3 |  4- 6 || total
-------------------------+-------+-------++-------
Melee: Falchion          |   105 |    53 ||   158
Invok: Heroism           |     1 |       ||     1
  Use: Scroll            |     1 |     8 ||     9
       Potion            |     1 |       ||     1
 Stab: Sleeping          |     6 |     2 ||     8
       Distracted        |     1 |       ||     1
Armor: Robe              |     9 |     1 ||    10
Dodge: Dodged            |   100 |    36 ||   136
       Rpst.: Falchion   |    35 |     9 ||    44
